TOP OF THE 1ST |
Southern Maryland Blue Crabs batting - Pitching for New Jersey Devils : RHP Mark Johnson
|
Pitching: RHP Mark Johnson
|
|
Batting: RHB Eddie Morin
|
0-0: Ground out 6-3 (Groundball, 56, EV 90.6 MPH)
|
Batting: RHB Pedro Luera
|
0-0: Ball 1-0: Foul Ball, location: 2F 1-1: Called Strike 1-2: Ball 2-2: Strikes out looking
|
Batting: LHB Sam Hontz
|
0-0: SINGLE (Line Drive, 89S, EV 96.9 MPH)
|
Batting: RHB Josh Ludwig
|
0-0: Ball 1-0: Called Strike 1-1: Foul Ball, location: 2F 1-2: Ball 2-2: Ball 3-2: Foul Ball, location: 2F 3-2: Base on Balls Sam Hontz to second
|
Batting: SHB John Hiles
|
0-0: Called Strike 0-1: Ball 1-1: SINGLE (Groundball, 34D, EV 101.2 MPH) Sam Hontz to third Josh Ludwig to second Runner from 3rd tries for Home, SAFE, throw by RF to home
|
Batting: RHB Oscar Chapa
|
0-0: Ball 1-0: Ground out 4-3 (Groundball, 4, EV 86.2 MPH)
|
Top of the 1st over - 1 run, 2 hits, 0 errors, 2 left on base; Southern Maryland 1 - New Jersey 0 |
BOTTOM OF THE 1ST |
New Jersey Devils batting - Pitching for Southern Maryland Blue Crabs : RHP Ju-wei Chi
|
Pitching: RHP Ju-wei Chi
|
|
Batting: RHB Eric Zylstra
|
0-0: Called Strike 0-1: Ball 1-1: Ball 2-1: Ball 3-1: Base on Balls
|
Batting: RHB Sergio Andrada
|
Balk! Eric Zylstra to second 0-0: Foul Ball, location: 2F 0-1: Ball 1-1: Foul Ball, location: 2F 1-2: Foul Ball, location: 2F 1-2: Ball 2-2: Foul Ball, location: 2F 2-2: Strikes out looking
|
Batting: RHB Juan Medina
|
0-0: Called Strike 0-1: Ball 1-1: 2-RUN HOME RUN (Flyball, 7D, EV 98.8 MPH), Distance : 379 ft
|
Batting: RHB Jacob Olander
|
0-0: Ball 1-0: Called Strike 1-1: Foul Ball, location: 2F 1-2: Ground out 6-3 (Groundball, 6, EV 103.1 MPH)
|
Batting: RHB Craig Alvarado
|
0-0: Ball 1-0: Ball 2-0: Called Strike 2-1: Called Strike 2-2: Ball 3-2: Base on Balls
|
Batting: SHB Ernesto Mazas
|
0-0: Called Strike 0-1: Ball Craig Alvarado is caught stealing 2nd base 2-6
|
Bottom of the 1st over - 2 runs, 1 hit, 0 errors, 0 left on base; Southern Maryland 1 - New Jersey 2 |
TOP OF THE 2ND |
Southern Maryland Blue Crabs batting - Pitching for New Jersey Devils : RHP Mark Johnson
|
Batting: LHB Taylor Plummer
|
0-0: Ball 1-0: Ball 2-0: Ball 3-0: Called Strike 3-1: DOUBLE (Line Drive, 89D, EV 107.5 MPH)
|
Batting: RHB Adam Beal
|
0-0: Swinging Strike 0-1: Ball 1-1: Swinging Strike 1-2: Foul Ball, location: 2F 1-2: Ball 2-2: Foul Ball, location: 2F 2-2: Ball 3-2: Strikes out swinging
|
Batting: RHB Sam Parra
|
0-0: Ball 1-0: Ball 2-0: Reached on error, E4 (Groundball, 4, EV 101.2 MPH) Taylor Plummer to third
|
Batting: RHB Eddie Morin
|
0-0: Ball 1-0: SINGLE (Groundball, 6MS, EV 66.2 MPH) (infield hit) Taylor Plummer scores Sam Parra to second
|
Batting: RHB Pedro Luera
|
0-0: Fly out, F8 (Flyball, 89D, EV 95.0 MPH)
|
Batting: LHB Sam Hontz
|
0-0: Foul Ball, location: 2F 0-1: Foul Ball, location: 2F 0-2: Ground out 6-3 (Groundball, P, EV 85.6 MPH)
|
Top of the 2nd over - 1 run, 2 hits, 1 error, 2 left on base; Southern Maryland 2 - New Jersey 2 |
BOTTOM OF THE 2ND |
New Jersey Devils batting - Pitching for Southern Maryland Blue Crabs : RHP Ju-wei Chi
|
Batting: SHB Ernesto Mazas
|
0-0: Ground out 3-1 (Groundball, 34, EV 104.4 MPH)
|
Batting: RHB Oscar Ramirez
|
0-0: Ball 1-0: Ball 2-0: Swinging Strike 2-1: Ground out 4-3 (Groundball, 4, EV 85.6 MPH)
|
Batting: LHB Matt Reynolds
|
0-0: Called Strike 0-1: Fly out, F7 (Line Drive, 78M, EV 93.8 MPH)
|
Bottom of the 2nd over - 0 runs, 0 hits, 0 errors, 0 left on base; Southern Maryland 2 - New Jersey 2 |
TOP OF THE 3RD |
Southern Maryland Blue Crabs batting - Pitching for New Jersey Devils : RHP Mark Johnson
|
Batting: RHB Josh Ludwig
|
0-0: Called Strike 0-1: Ball 1-1: Called Strike 1-2: Foul Ball, location: 2F 1-2: Foul Ball, location: 2F 1-2: Ball 2-2: Strikes out looking
|
Batting: SHB John Hiles
|
0-0: Ball 1-0: SOLO HOME RUN (Flyball, 7LD, EV 94.4 MPH), Distance : 345 ft
|
Batting: RHB Oscar Chapa
|
0-0: Called Strike 0-1: Ball 1-1: Foul Ball, location: 2F 1-2: Foul Ball, location: 2F 1-2: Fly out, F8 (Line Drive, 8LS, EV 93.1 MPH)
|
Batting: LHB Taylor Plummer
|
0-0: Foul Ball, location: 2F 0-1: Foul Ball, location: 2F 0-2: Ball 1-2: Foul Ball, location: 2F 1-2: Ball 2-2: Fly out, F8 (Flyball, 8LM, EV 85.0 MPH)
|
Top of the 3rd over - 1 run, 1 hit, 0 errors, 0 left on base; Southern Maryland 3 - New Jersey 2 |
BOTTOM OF THE 3RD |
New Jersey Devils batting - Pitching for Southern Maryland Blue Crabs : RHP Ju-wei Chi
|
Batting: RHB Brian Jones
|
0-0: Ball 1-0: Called Strike 1-1: Ball 2-1: Swinging Strike 2-2: Strikes out swinging
|
Batting: RHB Eric Zylstra
|
0-0: Ball 1-0: Foul Ball, location: 2F 1-1: Foul Ball, location: 2F 1-2: Ball 2-2: Ball 3-2: Ground out 4-3 (Groundball, 4D, EV 80.0 MPH)
|
Batting: RHB Sergio Andrada
|
0-0: Called Strike 0-1: Ball 1-1: Ball 2-1: Foul Ball, location: 2F 2-2: Strikes out swinging
|
Bottom of the 3rd over - 0 runs, 0 hits, 0 errors, 0 left on base; Southern Maryland 3 - New Jersey 2 |
TOP OF THE 4TH |
Southern Maryland Blue Crabs batting - Pitching for New Jersey Devils : RHP Mark Johnson
|
Batting: RHB Adam Beal
|
0-0: Called Strike 0-1: Foul Ball, location: 2F 0-2: Ball 1-2: Ball 2-2: Ball 3-2: Ground out 4-3 (Groundball, 4M, EV 85.0 MPH)
|
Batting: RHB Sam Parra
|
0-0: Called Strike 0-1: Foul Ball, location: 2F 0-2: Ball 1-2: Foul Ball, location: 2F 1-2: Strikes out swinging
|
Batting: RHB Eddie Morin
|
0-0: Ball 1-0: Foul Ball, location: 2F 1-1: Ground out 6-3 (Groundball, 6MS, EV 70.6 MPH)
|
Top of the 4th over - 0 runs, 0 hits, 0 errors, 0 left on base; Southern Maryland 3 - New Jersey 2 |
BOTTOM OF THE 4TH |
New Jersey Devils batting - Pitching for Southern Maryland Blue Crabs : RHP Ju-wei Chi
|
Batting: RHB Juan Medina
|
0-0: Ball 1-0: Ground out 5-3 (Groundball, 56, EV 83.1 MPH)
|
Batting: RHB Jacob Olander
|
0-0: Ball 1-0: Fly out, F8 (Flyball, 8RD, EV 109.4 MPH)
|
Batting: RHB Craig Alvarado
|
0-0: Called Strike 0-1: Ball 1-1: Swinging Strike 1-2: Ground out 4-3 (Groundball, 4M, EV 85.6 MPH)
|
Bottom of the 4th over - 0 runs, 0 hits, 0 errors, 0 left on base; Southern Maryland 3 - New Jersey 2 |
TOP OF THE 5TH |
Southern Maryland Blue Crabs batting - Pitching for New Jersey Devils : RHP Mark Johnson
|
Batting: RHB Pedro Luera
|
0-0: Ball 1-0: Called Strike 1-1: Foul Ball, location: 2F 1-2: Strikes out swinging
|
Batting: LHB Sam Hontz
|
0-0: Foul Ball, location: 2F 0-1: Swinging Strike 0-2: Ground out U3 (Groundball, 34, EV 83.1 MPH)
|
Batting: RHB Josh Ludwig
|
0-0: Called Strike 0-1: DOUBLE (Groundball, 5L, EV 101.9 MPH)
|
Batting: SHB John Hiles
|
0-0: Foul Ball, location: 2F 0-1: Swinging Strike 0-2: Ball 1-2: Strikes out looking
|
Top of the 5th over - 0 runs, 1 hit, 0 errors, 1 left on base; Southern Maryland 3 - New Jersey 2 |
BOTTOM OF THE 5TH |
New Jersey Devils batting - Pitching for Southern Maryland Blue Crabs : RHP Ju-wei Chi
|
Batting: SHB Ernesto Mazas
|
0-0: Ball 1-0: Swinging Strike 1-1: Ball 2-1: Ball 3-1: Swinging Strike 3-2: Strikes out swinging
|
Batting: RHB Oscar Ramirez
|
0-0: Called Strike 0-1: Swinging Strike 0-2: Reached on error, E6 (Groundball, 6, EV 88.1 MPH)
|
Batting: LHB Matt Reynolds
|
0-0: Ball 1-0: Ball 2-0: Ball 3-0: Called Strike 3-1: Base on Balls Oscar Ramirez to second
|
Batting: RHB Brian Jones
|
0-0: Ball 1-0: Reached on error, E2 (Groundball, 2R, EV 72.5 MPH) Oscar Ramirez to third Matt Reynolds to second
|
Batting: RHB Eric Zylstra
|
0-0: Ball 1-0: Called Strike 1-1: Foul Ball, location: 2F 1-2: Foul Ball, location: 2F 1-2: Ball 2-2: Ball 3-2: Foul Ball, location: 2F 3-2: SINGLE (Groundball, 56, EV 105.6 MPH) Oscar Ramirez scores Matt Reynolds to third Brian Jones to second
|
Batting: RHB Sergio Andrada
|
0-0: Called Strike 0-1: Swinging Strike 0-2: Ball 1-2: Ball 2-2: Foul Ball, location: 2F 2-2: Fly out, F7 (Line Drive, 7D, EV 108.1 MPH) Runner from 3rd tags up, SCORES, no throw by LF
|
Batting: RHB Juan Medina
|
0-0: Foul Ball, location: 2F 0-1: Swinging Strike 0-2: Strikes out swinging
|
Bottom of the 5th over - 2 runs, 1 hit, 2 errors, 2 left on base; Southern Maryland 3 - New Jersey 4 |
TOP OF THE 6TH |
Southern Maryland Blue Crabs batting - Pitching for New Jersey Devils : RHP Mark Johnson
|
Batting: RHB Oscar Chapa
|
0-0: Ball 1-0: Fly out, F7 (Flyball, 78D, EV 101.2 MPH)
|
Batting: LHB Taylor Plummer
|
0-0: Ground out 4-3 (Groundball, 4, EV 108.8 MPH)
|
Batting: RHB Adam Beal
|
0-0: Foul Ball, location: 2F 0-1: Foul Ball, location: 2F 0-2: Ground out 5-3 (Groundball, 56, EV 110.0 MPH)
|
Top of the 6th over - 0 runs, 0 hits, 0 errors, 0 left on base; Southern Maryland 3 - New Jersey 4 |
BOTTOM OF THE 6TH |
New Jersey Devils batting - Pitching for Southern Maryland Blue Crabs : RHP Ju-wei Chi
|
Batting: RHB Jacob Olander
|
0-0: Called Strike 0-1: Ball 1-1: Foul Ball, location: 2F 1-2: Ball 2-2: Foul Ball, location: 2F 2-2: Ball 3-2: Foul Ball, location: 2F 3-2: Base on Balls
|
Batting: RHB Craig Alvarado
|
0-0: Ball 1-0: Ball 2-0: Called Strike 2-1: Foul Ball, location: 2F 2-2: Foul Ball, location: 2F 2-2: SINGLE (Line Drive, 3L, EV 98.8 MPH) Jacob Olander to second
|
Batting: SHB Ernesto Mazas
|
0-0: 3-RUN HOME RUN (Flyball, 9LD, EV 91.9 MPH), Distance : 336 ft
|
Pitching: RHP Safe-eldin Enobakhare
|
|
Batting: RHB Oscar Ramirez
|
0-0: Swinging Strike 0-1: Foul Ball, location: 2F 0-2: Strikes out swinging
|
Batting: LHB Matt Reynolds
|
0-0: Called Strike 0-1: Ball 1-1: Ball 2-1: Ball 3-1: Called Strike 3-2: Strikes out swinging
|
Batting: RHB Brian Jones
|
0-0: Foul Ball, location: 2F 0-1: Called Strike 0-2: Ball 1-2: Strikes out looking
|
Bottom of the 6th over - 3 runs, 2 hits, 0 errors, 0 left on base; Southern Maryland 3 - New Jersey 7 |
TOP OF THE 7TH |
Southern Maryland Blue Crabs batting - Pitching for New Jersey Devils : RHP Mark Johnson
|
Batting: RHB Sam Parra
|
0-0: Called Strike 0-1: Ball 1-1: Fly out, F8 (Line Drive, 8RD, EV 90.6 MPH)
|
Batting: RHB Eddie Morin
|
0-0: Ground out U3 (Groundball, 3, EV 76.9 MPH)
|
Batting: RHB Pedro Luera
|
0-0: Called Strike 0-1: Fly out, F6 (Flyball, 6D, EV 87.5 MPH)
|
Top of the 7th over - 0 runs, 0 hits, 0 errors, 0 left on base; Southern Maryland 3 - New Jersey 7 |
BOTTOM OF THE 7TH |
New Jersey Devils batting - Pitching for Southern Maryland Blue Crabs : RHP Safe-eldin Enobakhare
|
Batting: RHB Eric Zylstra
|
0-0: Foul Ball, location: 2F 0-1: Ball 1-1: Foul Ball, location: 2F 1-2: Ball 2-2: Ground out U3 (Groundball, 34S, EV 81.2 MPH)
|
Batting: RHB Sergio Andrada
|
0-0: Foul Ball, location: 2F 0-1: Ball 1-1: Foul Ball, location: 2F 1-2: Ball 2-2: Ball 3-2: Strikes out swinging
|
Batting: RHB Juan Medina
|
0-0: Called Strike 0-1: Ball 1-1: Ball 2-1: Called Strike 2-2: Foul Ball, location: 2F 2-2: Foul Ball, location: 2F 2-2: Strikes out swinging
|
Bottom of the 7th over - 0 runs, 0 hits, 0 errors, 0 left on base; Southern Maryland 3 - New Jersey 7 |
TOP OF THE 8TH |
Southern Maryland Blue Crabs batting - Pitching for New Jersey Devils : RHP Mark Johnson
|
Batting: LHB Sam Hontz
|
0-0: Ground out 6-3 (Groundball, 6, EV 84.4 MPH)
|
Batting: RHB Josh Ludwig
|
0-0: SINGLE (Groundball, 6MS, EV 66.9 MPH) (infield hit)
|
Batting: SHB John Hiles
|
0-0: Fly out, F9 (Line Drive, 9, EV 100.0 MPH)
|
Batting: RHB Oscar Chapa
|
0-0: Swinging Strike 0-1: Ball 1-1: DOUBLE (Line Drive, 7LM, EV 104.4 MPH) Josh Ludwig to third Runner from 3rd tries for Home, SAFE, no throw by LF
|
Pitching: RHP Ken Tayo
|
|
Batting: LHB Taylor Plummer
|
0-0: Swinging Strike 0-1: Ground out 6-3 (Groundball, 56, EV 99.4 MPH)
|
Top of the 8th over - 1 run, 2 hits, 0 errors, 1 left on base; Southern Maryland 4 - New Jersey 7 |
BOTTOM OF THE 8TH |
New Jersey Devils batting - Pitching for Southern Maryland Blue Crabs : RHP Safe-eldin Enobakhare
|
Pitching: RHP Hajato Takahashi
|
|
Batting: RHB Kyle Verkamp
|
0-0: Foul Ball, location: 2F 0-1: Foul Ball, location: 2F 0-2: Strikes out swinging, 2-3 out at first.
|
Batting: RHB Craig Alvarado
|
0-0: SINGLE (Line Drive, 34D, EV 100.0 MPH)
|
Batting: SHB Ernesto Mazas
|
0-0: Ball 1-0: Ball 2-0: Called Strike 2-1: Foul Ball, location: 2F 2-2: Strikes out swinging
|
Batting: RHB Oscar Ramirez
|
0-0: Ball 1-0: Foul Ball, location: 2F 1-1: Fly out, F8 (Line Drive, 8LD, EV 91.9 MPH)
|
Bottom of the 8th over - 0 runs, 1 hit, 0 errors, 1 left on base; Southern Maryland 4 - New Jersey 7 |
TOP OF THE 9TH |
Southern Maryland Blue Crabs batting - Pitching for New Jersey Devils : RHP Ken Tayo
|
Batting: RHB Adam Beal
|
0-0: Ground out 5-3 (Groundball, 56S, EV 73.1 MPH)
|
Batting: LHB Stu Proulx
|
0-0: Foul Ball, location: 2F 0-1: Swinging Strike 0-2: Foul Ball, location: 2F 0-2: Strikes out swinging
|
Batting: RHB Eddie Morin
|
0-0: Swinging Strike 0-1: Foul Ball, location: 2F 0-2: Strikes out swinging
|
Top of the 9th over - 0 runs, 0 hits, 0 errors, 0 left on base; Southern Maryland 4 - New Jersey 7 |
|